 Dungeon Crawl Stone Soup version 0.19.1 (webtiles) character file.

44874 Faca the Severer (level 14, -1/101 HPs)
             Began as a Formicid Fighter on Dec 3, 2016.
             Was the Champion of Okawaru.
             Slain by Snorg (5 damage)
             ... on level 3 of the Lair of Beasts.
             The game lasted 01:04:11 (15406 turns).

Faca the Severer (Formicid Fighter)                Turns: 15406, Time: 01:04:12

Health: -1/101     AC: 25    Str: 22    XL:     14   Next: 68%
Magic:  14/14      EV:  3    Int: 10    God:    Okawaru [******]
Gold:   604        SH:  0    Dex: 14    Spells: 0 memorised, 13 levels left

rFire  . . .     SeeInvis +     p - +5 executioner's axe (elec)
rCold  + . .     Gourm    .     i - +0 crystal plate armour {rC+}
rNeg   . . .     Faith    .     c - +0 shield
rPois  .         Spirit   .     (helmet unavailable)
rElec  .         Reflect  .     A - +2 cloak
rCorr  .         Harm     .     (no gloves)
MR     +....                    v - +1 pair of boots
Stlth  ..........               e - amulet of regeneration
                                b - +2 ring of slaying
                                r - ring of flight

@: held, heavily drained
A: permanent stasis, dig shafts and tunnels, four strong arms, antennae 3,
blurry vision 1, clever 1, frail 1, mutation resistance 1
a: Dig, Shaft Self, Heroism, Finesse, Renounce Religion, Evoke Flight


You were on level 3 of the Lair of Beasts.
You worshipped Okawaru.
Okawaru was exalted by your worship.
You were not hungry.

You visited 3 branches of the dungeon, and saw 16 of its levels.
You also visited: Ice Cave.

You collected 811 gold pieces.
You spent 207 gold pieces at shops.

Inventory:

Hand Weapons
 a - the +7 morningstar of Wyweot {freeze, rC++ Str+3 Dex+3}
   (You bought it in a shop on level 12 of the Dungeon)

   It has been specially enchanted to freeze those struck by it, causing extra
   injury to most foes and up to half again as much damage against particularly
   susceptible opponents.
   It can also slow down cold-blooded creatures.
   It affects your strength (+3).
   It affects your dexterity (+3).
   It greatly protects you from cold.
 p - a +5 executioner's axe of electrocution (weapon)
 C - the +4 hand axe of Nubamaur {speed, rPois rN++ Int+2 Stlth+}
   (You found it on level 6 of the Dungeon)

   Attacks with this weapon are significantly faster.
   It affects your intelligence (+2).
   It protects you from poison.
   It greatly protects you from negative energy.
   It makes you more stealthy.
Armour
 c - a +0 shield (worn)
 i - a +0 crystal plate armour of cold resistance (worn)
 v - a +1 pair of boots (worn)
 A - a +2 cloak (worn)
Jewellery
 b - a +2 ring of slaying (right hand)
 e - an amulet of regeneration (around neck)
 r - a ring of flight (left hand)
 J - an uncursed ring of fire
Wands
 g - a wand of disintegration (14/24)
 z - a wand of iceblast (9/15)
 E - a wand of lightning (5/15)
Scrolls
 j - 6 scrolls of remove curse
 k - 5 scrolls of identify
 y - 8 scrolls of fear
 B - a scroll of fog
 D - 2 scrolls of recharging
Potions
 d - a potion of cure mutation
 f - 2 potions of heal wounds
 s - 3 potions of flight
 t - 5 potions of ambrosia
 u - 4 potions of curing
 w - a potion of brilliance
 F - a potion of cancellation
 H - 2 potions of lignification
Comestibles
 h - 6 bread rations
 l - a beef jerky
 q - 3 meat rations
 I - 12 royal jellies


   Skills:
 + Level 11.3(9.8) Fighting
 + Level 15.2(13.8) Axes
 + Level 4.7(9.7) Maces & Flails
 + Level 10.5(9.0) Armour
 + Level 4.6(3.4) Dodging
 + Level 12.1(10.6) Shields


You had 13 spell levels left.
You didn't know any spells.

Dungeon Overview and Level Annotations

Branches:
Dungeon (12/15)            Temple (1/1) D:4            Lair (3/6) D:11
    Orc (0/2) D:10
  Swamp: Lair:2-4    Shoals: Lair:2-4     Snake: Lair:2-4    Spider: Lair:2-4

Altars:
Ashenzari
Elyvilon
Fedhas
Gozag
Kikubaaqudgha
Nemelex Xobeh
Okawaru
Xom
Zin
Beogh

Shops:
D:12 (::[

Annotations:
Lair:3 Snorg


Innate Abilities, Weirdness & Mutations

You are under a permanent stasis effect.
You can dig through walls and to a lower floor.
Your four strong arms can wield two-handed weapons with a shield.
You have a pair of large antennae on your head. (SInv)
Scrolls take you a little longer to read.
Your mind is acute. (Int +2)
You are frail. (-10% HP)
You are somewhat resistant to further mutation.


Message History

Snorg bites you but does no damage. Snorg claws you.
Snorg claws you but does no damage.
You feel much better.
The jumping spider pounces on you but does no damage.
The jumping spider bites you but does no damage.
Snorg bites you! Snorg claws you. Snorg barely misses you.
The jumping spider pounces on you.
The jumping spider bites you but does no damage.
You struggle to detach yourself from the web.
Snorg bites you!!
* * * LOW HITPOINT WARNING * * *
Snorg claws you.
* * * LOW HITPOINT WARNING * * *
Snorg claws you but does no damage.
The jumping spider pounces on you but does no damage.
The jumping spider bites you but does no damage.
Snorg bites you!
* * * LOW HITPOINT WARNING * * *
Snorg claws you but does no damage. Snorg claws you.
You die...

.................).....
........................
........................
........................
...........#..........(.
................#.......
......<...#.............
.#..#P#.P###.##††.#.....
# ###### ####.@.......
#.sT...... ##.......≈
.......≈≈ #......≈≈
........≈ .......≈≈
........≈


You could see Snorg (berserk) and a jumping spider.

Vanquished Creatures
  A hydra (Lair:1)
  Erica (D:8)
  A queen ant (Lair:2)
  2 unseen horrors
  3 ugly things (D:12)
  3 hill giants
  A manticore (D:10)
  4 elephants (Lair:2)
  A centaur zombie (D:12)
  Maurice (D:8)
  2 ice statues (IceCv)
  2 gargoyles (D:11)
  4 spiny frogs
  A komodo dragon (D:12)
  An efreet (D:12)
  A rime drake (Lair:1)
  8 ice devils (IceCv)
  2 trolls (D:12)
  A queen bee (D:11)
  A hornet (D:12)
  5 two-headed ogres
  A polar bear (Lair:2)
  Grinder (D:5)
  4 blink frogs (Lair:3)
  4 hippogriffs
  A wraith (D:11)
  4 wyverns
  17 yaks
  3 hogs (D:7)
  A basilisk (Lair:3)
  A human (D:7)
  A hungry ghost (D:7)
  Eustachio (D:5)
  2 mottled dragons
  13 soldier ants (Lair:2)
  4 water moccasins
  4 porcupines
  A hornet zombie (D:5)
  14 orc warriors
  2 ice beasts
  3 phantoms
  3 sky beasts
  A black bear (D:11)
  19 wolves (Lair:2)
  An eye of draining (D:10)
  12 ogres
  2 necrophages
  4 centaurs
  A big kobold (D:12)
  A crocodile (Lair:1)
  8 bullfrogs
  5 scorpions
  32 killer bees
  A howler monkey (D:5)
  6 crimson imps
  2 bullfrog zombies
  Crazy Yiuf (D:5)
  3 hounds
  10 orc priests
  4 centaur skeletons
  13 orc wizards
  2 bullfrog skeletons
  4 iguanas
  38 worker ants
  A hound skeleton (D:11)
  A hound zombie (D:5)
  A worker ant zombie (D:5)
  A river rat (D:11)
  14 adders
  2 shadow imps
  7 white imps (IceCv)
  6 ufetubi (IceCv)
  2 oozes (D:1)
  An adder skeleton (D:8)
  3 worms (D:2)
  3 dart slugs
  9 leopard geckos
  71 orcs
  9 giant cockroaches
  9 goblins
  4 hobgoblins
  4 jackals (D:6)
  12 quokkas
  A ball python (D:5)
  10 bats
  7 frilled lizards
  12 kobolds
  10 rats
  20 fungi
  7 plants
528 creatures vanquished.

Vanquished Creatures (others)
  A reaper (IceCv)
  3 white imps (IceCv)
  5 ufetubi (IceCv)
  A plant (Lair:2)
10 creatures vanquished.

Grand Total: 538 creatures vanquished

Notes
Turn   | Place    | Note
-------+----------+-------------------------------------------
     0 | D:1      | Faca the Formicid Fighter began the quest for the Orb.
     0 | D:1      | Reached XP level 1. HP: 18/18 MP: 1/1
   204 | D:1      | Reached XP level 2. HP: 19/24 MP: 2/2
   418 | D:1      | Reached XP level 3. HP: 28/30 MP: 3/3
   903 | D:2      | Reached XP level 4. HP: 37/37 MP: 4/4
  1034 | D:2      | Reached skill level 3 in Axes
  1541 | D:3      | Reached XP level 5. HP: 41/42 MP: 5/5
  2502 | D:4      | Reached skill level 4 in Axes
  2662 | D:4      | Found a staircase to the Ecumenical Temple.
  2663 | D:4      | Noticed an ogre
  2665 | D:4      | Killed an ogre
  2665 | D:4      | Reached XP level 6. HP: 48/48 MP: 6/6
  2703 | Temple   | Entered the Ecumenical Temple
  2710 | Temple   | Became a worshipper of Warmaster Okawaru
  2945 | D:4      | Reached skill level 5 in Axes
  2997 | D:4      | Reached XP level 7. HP: 51/54 MP: 7/7
  3280 | D:4      | Reached skill level 5 in Shields
  3369 | D:4      | Reached * piety under Okawaru
  3376 | D:4      | Reached skill level 6 in Axes
  3376 | D:4      | Reached skill level 5 in Armour
  3633 | D:5      | Entered Level 5 of the Dungeon
  3641 | D:5      | Reached XP level 8. HP: 26/61 MP: 8/8
  3693 | D:5      | Reached skill level 1 in Dodging
  3887 | D:5      | Reached skill level 5 in Fighting
  3914 | D:5      | Found a shattered altar of Ashenzari.
  4103 | D:5      | Noticed Eustachio
  4110 | D:5      | Killed Eustachio
  4110 | D:5      | Reached ** piety under Okawaru
  4110 | D:5      | Reached skill level 7 in Axes
  4167 | D:5      | Noticed Grinder
  4182 | D:5      | Killed Grinder
  4404 | D:5      | Reached XP level 9. HP: 65/68 MP: 9/9
  4603 | D:5      | Found a runed door.
  4607 | D:5      | Noticed Crazy Yiuf
  4610 | D:5      | Killed Crazy Yiuf
  4922 | D:6      | Reached skill level 8 in Axes
  5390 | D:6      | Got a crude hand axe
  5391 | D:6      | Identified the +4 hand axe of Nubamaur {speed, rPois rN++ Int+2 Stlth+} (You found it on level 6 of the Dungeon)
  5410 | D:6      | Found a shimmering altar of Xom.
  5905 | D:6      | You fall through a shaft for 3 floors!
  5905 | D:9      | Noticed a two-headed ogre
  5916 | D:9      | Killed a two-headed ogre
  5916 | D:9      | Reached *** piety under Okawaru
  5917 | D:9      | Reached skill level 9 in Axes
  6147 | D:8      | Noticed Erica
  6173 | D:8      | Killed Erica
  6173 | D:8      | Reached **** piety under Okawaru
  6173 | D:8      | Reached XP level 10. HP: 67/76 MP: 10/10
  6245 | D:8      | Noticed Maurice
  6263 | D:8      | Killed Maurice
  6263 | D:8      | Reached skill level 10 in Axes
  6969 | D:7      | Found an opulent altar of Gozag.
  7111 | D:7      | Reached ***** piety under Okawaru
  7220 | D:7      | Gained mutation: You are frail. (-10% HP) [potion of mutation]
  7220 | D:7      | Gained mutation: You are somewhat resistant to further mutation. [potion of mutation]
  7662 | D:8      | Found a glowing silver altar of Zin.
  7779 | D:8      | Reached skill level 11 in Axes
  8389 | D:9      | Reached XP level 11. HP: 60/75 MP: 11/11
  8398 | D:9      | Gained mutation: Scrolls take you a little longer to read. [mutagenic meat]
  8399 | D:9      | Gained mutation: Your mind is acute. (Int +2) [mutagenic meat]
  8406 | D:9      | Received a gift from Okawaru
  8899 | D:10     | Entered Level 10 of the Dungeon
  8899 | D:10     | Noticed a manticore
  8913 | D:10     | Killed a manticore
  9039 | D:10     | Found a staircase to the Orcish Mines.
  9475 | D:10     | Noticed a hill giant
  9489 | D:10     | Killed a hill giant
  9636 | D:10     | Reached skill level 12 in Axes
  9821 | D:10     | Found a roughly hewn altar of Beogh.
 10247 | D:11     | Found a staircase to the Lair.
 10612 | D:11     | Noticed an unseen horror
 10632 | D:11     | Killed an unseen horror
 10632 | D:11     | Reached XP level 12. HP: 84/84 MP: 12/12
 10950 | D:11     | Received a gift from Okawaru
 11202 | D:12     | Found Rulunocu's Antique Weapon Shop.
 11209 | D:12     | Reached skill level 10 in Shields
 11222 | D:12     | Bought a shimmering morningstar for 207 gold pieces
 11222 | D:12     | Identified the +7 morningstar of Wyweot {freeze, rC++ Str+3 Dex+3} (You bought it in a shop on level 12 of the Dungeon)
 11602 | D:12     | Reached skill level 13 in Axes
 11761 | D:12     | Found Poadghaty's Book Emporium.
 11814 | D:12     | Found Ruigoq's Armour Emporium.
 11978 | D:12     | Noticed an unseen horror
 11981 | D:12     | Killed an unseen horror
 11990 | D:12     | Found Apext's Book Shoppe.
 11994 | D:12     | Reached skill level 10 in Fighting
 11994 | D:12     | Reached skill level 10 in Armour
 11994 | D:12     | Reached XP level 13. HP: 87/92 MP: 13/13
 12033 | D:12     | Received a gift from Okawaru
 12034 | D:12     | Got a transparent war axe {god gift}
 12273 | D:12     | Identified the +5 war axe of Karma {chop, MR- Str+2 Int+5} (Okawaru gifted it to you on level 12 of the Dungeon)
 12469 | D:12     | Reached skill level 14 in Axes
 12757 | Lair:1   | Entered Level 1 of the Lair of Beasts
 12903 | Lair:1   | Noticed a seven-headed hydra
 12916 | Lair:1   | Killed a seven-headed hydra
 12917 | Lair:1   | Reached ****** piety under Okawaru
 12917 | Lair:1   | Reached XP level 14. HP: 89/99 MP: 14/14
 13700 | Lair:2   | Received a gift from Okawaru
 13914 | Lair:2   | Found a frozen archway.
 13934 | IceCv    | Entered an ice cave
 14010 | IceCv    | Killed a reaper
 14384 | IceCv    | Got a faintly glowing chain mail
 14389 | IceCv    | Got a slimy demon trident
 14401 | IceCv    | Identified the cursed +1 chain mail of Ukhlupp {rElec MR+ Str+3 Int+3 Dex-4} (You found it in an ice cave)
 14401 | IceCv    | Identified the +4 demon trident of Xom {elec, rN+} (You found it in an ice cave)
 14728 | Lair:2   | Received a gift from Okawaru
 14952 | Lair:2   | Reached skill level 15 in Axes
 15388 | Lair:3   | Noticed Snorg
 15406 | Lair:3   | HP: 4/101 [Snorg (15)]
 15406 | Lair:3   | Slain by Snorg

Skill      XL: |  1  2  3  4  5  6  7  8  9 10 11 12 13 14 |
---------------+-------------------------------------------+-----
Shields        | 4 5 7 9 11 12 | 12.1
Armour         | 4 5 6 7 8 10 | 10.5
Axes           | 3 4 5 6 7 9 11 12 13 14 15 | 15.2
Fighting       | 4 5 6 7 8 10 11 | 11.3
Dodging        | 1 2 3 4 |  4.6
Maces & Flails | 3 4 |  4.7

Action                   |  1- 3 |  4- 6 |  7- 9 | 10-12 | 13-15 || total
-------------------------+-------+-------+-------+-------+-------++-------
Melee: War axe           |   119 |   144 |   150 |       |       ||   413
       Hand axe          |       |       |    47 |   656 |       ||   703
       Executioner's axe |       |       |       |    46 |   279 ||   325
       Morningstar       |       |       |       |       |   101 ||   101
 Abil: Dig               |       |       |       |     1 |     1 ||     2
  Use: Scroll            |     4 |     5 |     7 |     9 |     4 ||    29
       Potion            |       |       |     8 |     6 |     3 ||    17
  Eat: Bread ration      |       |     1 |       |     1 |       ||     2
       Beef jerky        |       |     1 |       |     4 |     1 ||     6
       Pizza             |       |     1 |       |     7 |     1 ||     9
       Meat ration       |       |       |     2 |       |     1 ||     3
       Fruit             |       |       |     3 |       |     4 ||     7
       Chunk             |       |       |       |     6 |       ||     6
Armor: Chain mail        |    57 |    68 |    45 |       |       ||   170
       Scale mail        |    11 |       |       |       |       ||    11
       Skin              |       |       |    32 |       |       ||    32
       Plate armour      |       |       |    18 |   139 |   161 ||   318
       Crystal plate arm |       |       |       |       |   101 ||   101
Dodge: Dodged            |    29 |    30 |    42 |    96 |   155 ||   352
Block: Shield            |    62 |    65 |    86 |   227 |   285 ||   725
